TOP OF THE 1ST |
Minnesota Twins batting - Pitching for New York Yankees : RHP Mike Parrott
|
Pitching: RHP Mike Parrott
|
|
Batting: RHB Lee Lacy
|
0-0: Swinging Strike 0-1: Ball 1-1: Ball 2-1: Foul Ball, location: 2F 2-2: Foul Ball, location: 2F 2-2: Foul Ball, location: 2F 2-2: Ball 3-2: Foul Ball, location: 2F 3-2: SOLO HOME RUN (Flyball, 7D, EV 94.4 MPH), Distance : 405 ft
|
Batting: RHB Steve Brye
|
0-0: Foul Ball, location: 2F 0-1: Foul Ball, location: 2F 0-2: Ball 1-2: Foul Ball, location: 2F 1-2: Fly out, F7 (Flyball, 7LM, EV 100.6 MPH)
|
Batting: RHB Matt Cooper
|
0-0: Ball 1-0: DOUBLE (Line Drive, 7LD, EV 109.4 MPH)
|
Batting: RHB Randy Edwards
|
0-0: Called Strike 0-1: Ball 1-1: Fly out, F9 (Flyball, 89D, EV 95.6 MPH)
|
Batting: RHB Larry Hisle
|
0-0: Ball 1-0: Ball 2-0: Swinging Strike 2-1: Foul Ball, location: 2F 2-2: Foul Ball, location: 2F 2-2: Ball 3-2: Strikes out swinging
|
Top of the 1st over - 1 run, 2 hits, 0 errors, 1 left on base; Minnesota 1 - New York 0 |
BOTTOM OF THE 1ST |
New York Yankees batting - Pitching for Minnesota Twins : RHP Marcos Ortega
|
Pitching: RHP Marcos Ortega
|
|
Batting: SHB Tim Raines
|
0-0: SINGLE (Line Drive, 7S, EV 105.0 MPH)
|
Batting: RHB Pedro Guerrero
|
0-0: Sac Bunt to 25 - play at first, batter OUT! 5-3 Tim Raines to second
|
Batting: LHB Wade Boggs
|
0-0: Called Strike Tim Raines steals 3rd base 0-1: Foul Ball, location: 2F 0-2: Ball 1-2: Foul Ball, location: 2F 1-2: Ball 2-2: Ball 3-2: Base on Balls
|
Batting: LHB Kent Hrbek
|
0-0: Ball 1-0: Foul Ball, location: 2F 1-1: Ball 2-1: Ball Wild Pitch! Tim Raines scores Wade Boggs to second 3-1: Base on Balls
|
Batting: RHB David Hall
|
0-0: Called Strike 0-1: Called Strike 0-2: Ball 1-2: Ball 2-2: Foul Ball, location: 2F 2-2: Strikes out swinging
|
Batting: LHB George Kaage
|
0-0: Swinging Strike 0-1: Ball 1-1: Foul Ball, location: 2F 1-2: Ball 2-2: Ball 3-2: Ground out 4-3 (Groundball, 4, EV 98.8 MPH)
|
Bottom of the 1st over - 1 run, 1 hit, 0 errors, 2 left on base; Minnesota 1 - New York 1 |
TOP OF THE 2ND |
Minnesota Twins batting - Pitching for New York Yankees : RHP Mike Parrott
|
Batting: RHB George Foster
|
0-0: Ball 1-0: Ball 2-0: Ground out 6-3 (Groundball, 6, EV 103.1 MPH)
|
Batting: RHB Chet Lemon
|
0-0: Fly out, F7 (Flyball, 7D, EV 89.4 MPH)
|
Batting: RHB Brook Jacoby
|
0-0: Fly out, F8 (Line Drive, 8LD, EV 87.5 MPH)
|
Top of the 2nd over - 0 runs, 0 hits, 0 errors, 0 left on base; Minnesota 1 - New York 1 |
BOTTOM OF THE 2ND |
New York Yankees batting - Pitching for Minnesota Twins : RHP Marcos Ortega
|
Batting: RHB Emanuel Cortez
|
0-0: Called Strike 0-1: Foul Ball, location: 2F 0-2: Ball 1-2: Ball 2-2: Ball 3-2: Ground out 6-3 (Groundball, 6M, EV 98.1 MPH)
|
Batting: SHB Jerry Manuel
|
0-0: Ball 1-0: Called Strike 1-1: Foul Ball, location: 2F 1-2: Foul Ball, location: 2F 1-2: Foul Ball, location: 2F 1-2: Foul Ball, location: 2F 1-2: Foul Ball, location: 2F 1-2: Strikes out swinging
|
Batting: LHB Ron Hassey
|
0-0: Ball 1-0: SINGLE (Groundball, 4MD, EV 99.4 MPH)
|
Batting: SHB Tim Raines
|
0-0: Called Strike 0-1: Swinging Strike 0-2: Foul Ball, location: 2F 0-2: Ground out 4-3 (Groundball, 4, EV 104.4 MPH)
|
Bottom of the 2nd over - 0 runs, 1 hit, 0 errors, 1 left on base; Minnesota 1 - New York 1 |
TOP OF THE 3RD |
Minnesota Twins batting - Pitching for New York Yankees : RHP Mike Parrott
|
Batting: RHB Taylor Duncan
|
0-0: Called Strike 0-1: Called Strike 0-2: Strikes out swinging
|
Batting: RHB Lee Lacy
|
0-0: Ball 1-0: Foul Ball, location: 2F 1-1: Ball 2-1: Ball 3-1: Foul Ball, location: 2F 3-2: Ground out 6-3 (Groundball, 6S, EV 83.8 MPH)
|
Batting: RHB Steve Brye
|
0-0: Ball 1-0: Called Strike 1-1: Foul Ball, location: 2F 1-2: Ball 2-2: Ball 3-2: Strikes out swinging
|
Top of the 3rd over - 0 runs, 0 hits, 0 errors, 0 left on base; Minnesota 1 - New York 1 |
BOTTOM OF THE 3RD |
New York Yankees batting - Pitching for Minnesota Twins : RHP Marcos Ortega
|
Batting: RHB Pedro Guerrero
|
0-0: Ball 1-0: Called Strike 1-1: Ball 2-1: Swinging Strike 2-2: Ball 3-2: Strikes out swinging
|
Batting: LHB Wade Boggs
|
0-0: Ball 1-0: SINGLE (Line Drive, 4D, EV 97.5 MPH)
|
Batting: LHB Kent Hrbek
|
0-0: Ball 1-0: Fly out, F8 (Line Drive, 8LD, EV 108.8 MPH)
|
Batting: RHB David Hall
|
0-0: Ball 1-0: Swinging Strike 1-1: Ball 2-1: Called Strike 2-2: Foul Ball, location: 2F 2-2: Strikes out swinging
|
Bottom of the 3rd over - 0 runs, 1 hit, 0 errors, 1 left on base; Minnesota 1 - New York 1 |
TOP OF THE 4TH |
Minnesota Twins batting - Pitching for New York Yankees : RHP Mike Parrott
|
Batting: RHB Matt Cooper
|
0-0: Ground out 6-3 (Groundball, 6, EV 81.9 MPH)
|
Batting: RHB Randy Edwards
|
0-0: Called Strike 0-1: Swinging Strike 0-2: Fly out, F8 (Flyball, 89S, EV 91.3 MPH)
|
Batting: RHB Larry Hisle
|
0-0: Fly out, F5 (Line Drive, 5, EV 62.5 MPH)
|
Top of the 4th over - 0 runs, 0 hits, 0 errors, 0 left on base; Minnesota 1 - New York 1 |
BOTTOM OF THE 4TH |
New York Yankees batting - Pitching for Minnesota Twins : RHP Marcos Ortega
|
Batting: LHB George Kaage
|
0-0: Ball 1-0: Called Strike 1-1: Foul Ball, location: 2F 1-2: Ball 2-2: SINGLE (Groundball, 34S, EV 65.0 MPH) (infield hit)
|
Batting: RHB Emanuel Cortez
|
0-0: Ball 1-0: Swinging Strike 1-1: Ball 2-1: Ball 3-1: Base on Balls George Kaage to second
|
Batting: SHB Jerry Manuel
|
0-0: Ball 1-0: Swinging Strike 1-1: Ball 2-1: Swinging Strike 2-2: Ball Wild Pitch! George Kaage to third Emanuel Cortez to second 3-2: Base on Balls
|
Batting: LHB Ron Hassey
|
0-0: Called Strike 0-1: Ball 1-1: Called Strike 1-2: Fly out, F8 (Flyball, 8LS, EV 87.5 MPH)
|
Batting: SHB Tim Raines
|
0-0: Ball 1-0: Swinging Strike 1-1: Foul Ball, location: 2F 1-2: Foul Ball, location: 2F 1-2: Strikes out looking
|
Batting: RHB Pedro Guerrero
|
0-0: Called Strike 0-1: Called Strike 0-2: Strikes out swinging
|
Bottom of the 4th over - 0 runs, 1 hit, 0 errors, 3 left on base; Minnesota 1 - New York 1 |
TOP OF THE 5TH |
Minnesota Twins batting - Pitching for New York Yankees : RHP Mike Parrott
|
Batting: RHB George Foster
|
0-0: Called Strike 0-1: Foul Ball, location: 2F 0-2: Ball 1-2: Foul Ball, location: 2F 1-2: Strikes out swinging
|
Batting: RHB Chet Lemon
|
0-0: Fly out, F6 (Popup, 4M, EV 72.5 MPH)
|
Batting: RHB Brook Jacoby
|
0-0: Ball 1-0: Swinging Strike 1-1: Swinging Strike 1-2: Ball 2-2: Fly out, F8 (Flyball, 8RXD, EV 96.9 MPH)
|
Top of the 5th over - 0 runs, 0 hits, 0 errors, 0 left on base; Minnesota 1 - New York 1 |
BOTTOM OF THE 5TH |
New York Yankees batting - Pitching for Minnesota Twins : RHP Marcos Ortega
|
Batting: LHB Wade Boggs
|
0-0: Ball 1-0: Swinging Strike 1-1: Foul Ball, location: 2F 1-2: Ball 2-2: Ball 3-2: Base on Balls
|
Batting: LHB Kent Hrbek
|
0-0: Ball 1-0: Fly out, F8 (Flyball, 78S, EV 77.5 MPH)
|
Batting: RHB David Hall
|
0-0: Ball 1-0: Called Strike 1-1: Foul Ball, location: 2F 1-2: Ground out 4-3 (Groundball, 4D, EV 104.4 MPH) Wade Boggs to second
|
Pitching: RHP Mark Fidrych
|
|
Batting: LHB George Kaage
|
0-0: Foul Ball, location: 2F 0-1: Ground out 3-1 (Groundball, 34, EV 110.0 MPH)
|
Bottom of the 5th over - 0 runs, 0 hits, 0 errors, 1 left on base; Minnesota 1 - New York 1 |
TOP OF THE 6TH |
Minnesota Twins batting - Pitching for New York Yankees : RHP Mike Parrott
|
Batting: RHB Taylor Duncan
|
0-0: Called Strike 0-1: Called Strike 0-2: Foul Ball, location: 2F 0-2: Ball 1-2: Ball 2-2: Fly out, F9 (Flyball, 89S, EV 94.4 MPH)
|
Batting: RHB Lee Lacy
|
0-0: Ball 1-0: Ball 2-0: Foul Ball, location: 2F 2-1: Ball 3-1: Called Strike 3-2: Ground out 5-3 (Groundball, 56, EV 86.3 MPH)
|
Batting: RHB Steve Brye
|
0-0: Ball 1-0: Called Strike 1-1: Ball 2-1: Ball 3-1: Foul Ball, location: 2F 3-2: Base on Balls
|
Batting: RHB Matt Cooper
|
0-0: Called Strike 0-1: Foul Ball, location: 2F 0-2: Ball 1-2: Foul Ball, location: 2F 1-2: Ball 2-2: Strikes out swinging
|
Top of the 6th over - 0 runs, 0 hits, 0 errors, 1 left on base; Minnesota 1 - New York 1 |
BOTTOM OF THE 6TH |
New York Yankees batting - Pitching for Minnesota Twins : RHP Mark Fidrych
|
Batting: RHB Emanuel Cortez
|
0-0: Ball 1-0: Called Strike 1-1: Swinging Strike 1-2: Ground out 5-3 (Groundball, 56, EV 84.4 MPH)
|
Batting: SHB Jerry Manuel
|
0-0: Ball 1-0: Reached on error, E2 (Groundball, 15S, EV 71.9 MPH)
|
Batting: LHB Ron Hassey
|
0-0: Ball 1-0: Called Strike Jerry Manuel steals 2nd base 1-1: Swinging Strike 1-2: Ground out 6-3 (Groundball, 4MS, EV 71.3 MPH) Jerry Manuel to third
|
Batting: SHB Tim Raines
|
0-0: Ball 1-0: Called Strike 1-1: Ground out 6-3 (Groundball, 6M, EV 105.0 MPH)
|
Bottom of the 6th over - 0 runs, 0 hits, 1 error, 1 left on base; Minnesota 1 - New York 1 |
TOP OF THE 7TH |
Minnesota Twins batting - Pitching for New York Yankees : RHP Mike Parrott
|
Batting: RHB Randy Edwards
|
0-0: Called Strike 0-1: Ball 1-1: Ground out 5-3 (Groundball, 5, EV 101.3 MPH)
|
Batting: RHB Larry Hisle
|
0-0: Ball 1-0: Foul Ball, location: 2F 1-1: Ball 2-1: Foul Ball, location: 2F 2-2: Ball 3-2: Base on Balls
|
Batting: RHB George Foster
|
0-0: Foul Ball, location: 2F 0-1: Called Strike 0-2: Ball 1-2: Ball 2-2: Ball 3-2: Foul Ball, location: 2F 3-2: Foul Ball, location: 2F 3-2: Base on Balls Larry Hisle to second
|
Batting: RHB Chet Lemon
|
0-0: Ball Wild Pitch! Larry Hisle to third George Foster to second 1-0: Ball 2-0: Called Strike 2-1: Ground out 1-3 (Groundball, 13S, EV 65.6 MPH)
|
Batting: RHB Brook Jacoby
|
0-0: Intentional Walk
|
Batting: RHB Taylor Duncan
|
0-0: Called Strike 0-1: SINGLE (Line Drive, 78M, EV 88.1 MPH) Larry Hisle scores George Foster to third Brook Jacoby to second Runner from 3rd tries for Home, SAFE, throw by LF to home
|
Batting: RHB Lee Lacy
|
0-0: Ball 1-0: Ball 2-0: Called Strike 2-1: Ground out 5-3 (Groundball, 56, EV 76.3 MPH)
|
Top of the 7th over - 2 runs, 1 hit, 0 errors, 2 left on base; Minnesota 3 - New York 1 |
BOTTOM OF THE 7TH |
New York Yankees batting - Pitching for Minnesota Twins : RHP Mark Fidrych
|
Batting: RHB Pedro Guerrero
|
0-0: Ball 1-0: Called Strike 1-1: Ground out 6-3 (Groundball, 6MD, EV 99.4 MPH)
|
Batting: LHB Wade Boggs
|
0-0: Ball 1-0: DOUBLE (Line Drive, 89XD, EV 110.6 MPH)
|
Batting: LHB Kent Hrbek
|
0-0: Called Strike 0-1: Ball 1-1: Ball 2-1: Ground out 5-3 (Groundball, 56, EV 91.3 MPH)
|
Batting: RHB David Hall
|
0-0: Swinging Strike 0-1: Swinging Strike 0-2: Ball 1-2: Ball 2-2: Ground out 1-3 (Groundball, 15S, EV 68.1 MPH)
|
Bottom of the 7th over - 0 runs, 1 hit, 0 errors, 1 left on base; Minnesota 3 - New York 1 |
TOP OF THE 8TH |
Minnesota Twins batting - Pitching for New York Yankees : RHP Mike Parrott
|
Batting: RHB Steve Brye
|
0-0: Called Strike 0-1: Foul Ball, location: 2F 0-2: Ball 1-2: Ball 2-2: Foul Ball, location: 2F 2-2: Foul Ball, location: 2F 2-2: Foul Ball, location: 2F 2-2: Ball 3-2: Fly out, F9 (Flyball, 89D, EV 84.4 MPH)
|
Pitching: RHP Jeff Cornell
|
|
Batting: RHB Matt Cooper
|
0-0: Foul Ball, location: 2F 0-1: Swinging Strike 0-2: Reached on error, E5 (Groundball, 5, EV 79.4 MPH)
|
Batting: RHB Randy Edwards
|
0-0: Ball 1-0: Ball 2-0: Called Strike 2-1: Called Strike 2-2: Ball 3-2: Base on Balls Matt Cooper to second
|
Batting: RHB Larry Hisle
|
0-0: Swinging Strike 0-1: Ball 1-1: Ball 2-1: Ball 3-1: Swinging Strike 3-2: Foul Ball, location: 2F 3-2: Strikes out swinging
|
Batting: RHB George Foster
|
0-0: Called Strike 0-1: Ball 1-1: Ball 2-1: Foul Ball, location: 2F 2-2: Fly out, F4 (Popup, 4, EV 81.3 MPH)
|
Top of the 8th over - 0 runs, 0 hits, 1 error, 2 left on base; Minnesota 3 - New York 1 |
BOTTOM OF THE 8TH |
New York Yankees batting - Pitching for Minnesota Twins : RHP Mark Fidrych
|
Now at C: Tom Brown
|
|
Now at SS: Ken Oberkfell
|
|
Batting: LHB George Kaage
|
0-0: Called Strike 0-1: Swinging Strike 0-2: Fly out, F9 (Flyball, 9LS, EV 94.4 MPH)
|
Pitching: RHP Fred Breining
|
|
Batting: RHB Emanuel Cortez
|
0-0: Ground out 6-3 (Groundball, 6, EV 88.8 MPH)
|
Batting: SHB Jerry Manuel
|
0-0: Called Strike 0-1: Called Strike 0-2: Reached on error, E6 (Groundball, 56, EV 75.6 MPH)
|
Batting: LHB Ron Hassey
|
0-0: Fly out, F7 (Flyball, 7LM, EV 87.5 MPH)
|
Bottom of the 8th over - 0 runs, 0 hits, 1 error, 1 left on base; Minnesota 3 - New York 1 |
TOP OF THE 9TH |
Minnesota Twins batting - Pitching for New York Yankees : RHP Jeff Cornell
|
Batting: RHB Chet Lemon
|
0-0: Called Strike 0-1: Swinging Strike 0-2: SINGLE (Line Drive, 9S, EV 99.4 MPH)
|
Batting: RHB Tom Brown
|
0-0: Bunt - Flyout to 13! F1
|
Batting: RHB Taylor Duncan
|
0-0: Called Strike 0-1: Ball 1-1: TRIPLE (Flyball, 89XD, EV 92.5 MPH) Chet Lemon scores
|
Batting: RHB Lee Lacy
|
0-0: Foul Ball, location: 2F 0-1: Called Strike 0-2: Ball 1-2: Foul Ball, location: 2F 1-2: Ball 2-2: Strikes out swinging
|
Batting: RHB Steve Brye
|
0-0: Intentional Walk
|
Batting: LHB Ken Oberkfell
|
0-0: SINGLE (Groundball, 56D, EV 101.3 MPH) Taylor Duncan scores Steve Brye to second
|
Batting: RHB Randy Edwards
|
0-0: Ball 1-0: SINGLE (Line Drive, 9S, EV 93.1 MPH) Steve Brye to third Ken Oberkfell to second Runner from 3rd tries for Home, SAFE, throw by RF to home
|
Batting: RHB Larry Hisle
|
0-0: Called Strike 0-1: Called Strike 0-2: Strikes out swinging
|
Top of the 9th over - 3 runs, 4 hits, 0 errors, 2 left on base; Minnesota 6 - New York 1 |
BOTTOM OF THE 9TH |
New York Yankees batting - Pitching for Minnesota Twins : RHP Fred Breining
|
Batting: SHB Tim Raines
|
0-0: Called Strike 0-1: Ball 1-1: Ground out 4-3 (Groundball, 4S, EV 80.0 MPH)
|
Batting: RHB Pedro Guerrero
|
0-0: Ground out U3 (Groundball, 3L, EV 86.9 MPH)
|
Batting: LHB Wade Boggs
|
0-0: Ball 1-0: Ball 2-0: Foul Ball, location: 2F 2-1: Foul Ball, location: 2F 2-2: Foul Ball, location: 2F 2-2: SINGLE (Groundball, 6MD, EV 98.8 MPH)
|
Batting: LHB Kent Hrbek
|
0-0: Fly out, F4 (Line Drive, 4, EV 74.4 MPH)
|
Bottom of the 9th over - 0 runs, 1 hit, 0 errors, 1 left on base; Minnesota 6 - New York 1 |
|